MLB
NEW YORK (A) YANKEES @ TAMPA BAY RAYS
08/02/2041
 
TOP OF THE 1ST
New York (A) Yankees batting - Pitching for Tampa Bay Rays : RHP Julián Martínez
Pitching: RHP Julián Martínez
Batting: LHB Johnny Erwin 0-0: Called Strike
0-1: Ball
1-1: Ball
2-1: Foul Ball, location: 25F
2-2: Foul Ball, location: 7LMFF
2-2: Ball
3-2: SINGLE (Groundball, 56S, EV 73.8 MPH) (infield hit)
Batting: RHB Ron Washington 0-0: Ball
1-0: Called Strike
1-1: Ball
2-1: Foul Ball, location: 2F
2-2: Foul Ball, location: 3DF
2-2: Foul Ball, location: 2F
2-2: Foul Ball, location: 9LSF
2-2: Reaches on Catchers interference
Johnny Erwin to second
Batting: LHB Derek Allen 0-0: Ball
1-0: SINGLE (Groundball, 34S, EV 65.6 MPH) (infield hit)
Johnny Erwin to third
Ron Washington to second
Batting: SHB Rodrigo López 0-0: Ball
1-0: Ball
2-0: Ball
3-0: Base on Balls
Johnny Erwin scores
Ron Washington to third
Derek Allen to second
Batting: RHB Gene Russell 0-0: Ball
1-0: Foul Ball, location: 5F
1-1: Grounds into double play, 4-6-3 (Groundball, 4, EV 86.3 MPH)
Ron Washington scores
Derek Allen to third
Batting: RHB Benjamim Futscher 0-0: Foul Ball, location: 5DF
0-1: Foul Ball, location: 3F
0-2: Fly out, F8 (Flyball, 8LS, EV 88.1 MPH)
Top of the 1st over - 2 runs, 2 hits, 1 error, 1 left on base; New York (A) 2 - Tampa Bay 0
BOTTOM OF THE 1ST
Tampa Bay Rays batting - Pitching for New York (A) Yankees : RHP Kanne de Jonge
Pitching: RHP Kanne de Jonge
Batting: SHB Juan Longoria 0-0: Ball
1-0: Foul Ball, location: 5SF
1-1: Foul Ball, location: 2F
1-2: Ball
2-2: Ball
3-2: Base on Balls
Batting: RHB Jorge Luján 0-0: Fly out, F9 (Flyball, 9S, EV 74.4 MPH)
Batting: SHB António Rodríguez 0-0: Called Strike
0-1: Called Strike
0-2: Strikes out swinging
Batting: RHB Juan Díaz 0-0: Called Strike
Juan Longoria steals 2nd base
0-1: Foul Ball, location: 9LDF
0-2: Ball
1-2: 2-RUN HOME RUN (Flyball, 89XD, EV 98.1 MPH), Distance : 389 ft
Batting: SHB Víctor Zumaya 0-0: Ball
1-0: Ball
2-0: Ball
3-0: Called Strike
3-1: Foul Ball, location: 2F
3-2: SINGLE (Line Drive, 56D, EV 102.5 MPH)
Batting: LHB Sancho Huerta 0-0: Called Strike
0-1: Ball
1-1: Ball
Víctor Zumaya is caught stealing 2nd base 2-6
Bottom of the 1st over - 2 runs, 2 hits, 0 errors, 0 left on base; New York (A) 2 - Tampa Bay 2
TOP OF THE 2ND
New York (A) Yankees batting - Pitching for Tampa Bay Rays : RHP Julián Martínez
Batting: RHB Juan Colón 0-0: Ball
1-0: SINGLE (Groundball, 34D, EV 98.8 MPH)
Batting: RHB Walt Gardner 0-0: Ball
1-0: Sac Bunt to 13 - play at first, batter OUT! 1-3
Juan Colón to second
Batting: RHB José Mendoza 0-0: Foul Ball, location: 3DF
0-1: Ground out U3 (Groundball, 3, EV 94.4 MPH)
Juan Colón to third
Batting: LHB Johnny Erwin 0-0: Ball
1-0: Foul Ball, location: 2F
1-1: Ball
2-1: Ball
3-1: Base on Balls
Batting: RHB Ron Washington 0-0: Foul Ball, location: 9LMF
0-1: Ball
1-1: Ball
2-1: Ball
3-1: Base on Balls
Johnny Erwin to second
Batting: LHB Derek Allen 0-0: Ball
1-0: Swinging Strike
1-1: Ball
2-1: Ball
3-1: Base on Balls
Juan Colón scores
Johnny Erwin to third
Ron Washington to second
Batting: SHB Rodrigo López 0-0: Fly out, F7 (Flyball, 7D, EV 106.9 MPH)
Top of the 2nd over - 1 run, 1 hit, 0 errors, 3 left on base; New York (A) 3 - Tampa Bay 2
BOTTOM OF THE 2ND
Tampa Bay Rays batting - Pitching for New York (A) Yankees : RHP Kanne de Jonge
Batting: LHB Sancho Huerta 0-0: Fly out, F8 (Line Drive, 8LM, EV 95.6 MPH)
Batting: RHB Rory Cochran 0-0: Foul Ball, location: 9LMFF
0-1: SINGLE (Line Drive, 89S, EV 110.0 MPH)
Batting: RHB Jim Thompson 0-0: Swinging Strike
0-1: Foul Ball, location: 9LMF
0-2: Reached on error, E5 (Groundball, 5L, EV 88.8 MPH)
Rory Cochran to second
Batting: RHB Edgardo Rincón 0-0: Called Strike
0-1: Ball
1-1: Foul Ball, location: 7LDF
1-2: Ball
2-2: Fly out, F5 (Popup, 56S, EV 88.8 MPH)
Batting: SHB Juan Longoria 0-0: Fly out, F5 (Popup, 25F, EV 85.0 MPH)
Bottom of the 2nd over - 0 runs, 1 hit, 1 error, 2 left on base; New York (A) 3 - Tampa Bay 2
TOP OF THE 3RD
New York (A) Yankees batting - Pitching for Tampa Bay Rays : RHP Julián Martínez
Batting: RHB Gene Russell 0-0: Ball
1-0: Fly out, F3 (Popup, 23F, EV 80.6 MPH)
Batting: RHB Benjamim Futscher 0-0: Ball
1-0: Foul Ball, location: 5FF
1-1: Swinging Strike
1-2: SINGLE (Line Drive, 7S, EV 90.0 MPH)
Batting: RHB Juan Colón 0-0: Called Strike
0-1: Foul Ball, location: 9LMF
0-2: Strikes out swinging
Batting: RHB Walt Gardner 0-0: Ball
1-0: Fielders Choice at 2nd, 5-4 (Groundball, 5, EV 86.9 MPH)
Top of the 3rd over - 0 runs, 1 hit, 0 errors, 1 left on base; New York (A) 3 - Tampa Bay 2
BOTTOM OF THE 3RD
Tampa Bay Rays batting - Pitching for New York (A) Yankees : RHP Kanne de Jonge
Batting: RHB Jorge Luján 0-0: Ball
1-0: Fly out, F6 (Line Drive, 6, EV 63.1 MPH)
Batting: SHB António Rodríguez 0-0: Ball
1-0: Ball
2-0: Swinging Strike
2-1: Foul Ball, location: 2F
2-2: Ball
3-2: Foul Ball, location: 2F
3-2: Strikes out looking
Batting: RHB Juan Díaz 0-0: Swinging Strike
0-1: Reached on error, E4 (Groundball, 4, EV 78.1 MPH)
Batting: SHB Víctor Zumaya 0-0: Ball
Juan Díaz steals 2nd base (no throw)
1-0: Fly out, F6 (Line Drive, 6D, EV 70.6 MPH)
Bottom of the 3rd over - 0 runs, 0 hits, 1 error, 1 left on base; New York (A) 3 - Tampa Bay 2
TOP OF THE 4TH
New York (A) Yankees batting - Pitching for Tampa Bay Rays : RHP Julián Martínez
Batting: RHB José Mendoza 0-0: Fly out, F5 (Popup, 5SF, EV 88.1 MPH)
Batting: LHB Johnny Erwin 0-0: Fly out, F9 (Flyball, 89S, EV 93.8 MPH)
Batting: RHB Ron Washington 0-0: Ball
1-0: Ball
2-0: Ball
3-0: Called Strike
3-1: Swinging Strike
3-2: Ground out 5-3 (Groundball, 56S, EV 86.9 MPH)
Top of the 4th over - 0 runs, 0 hits, 0 errors, 0 left on base; New York (A) 3 - Tampa Bay 2
BOTTOM OF THE 4TH
Tampa Bay Rays batting - Pitching for New York (A) Yankees : RHP Kanne de Jonge
Batting: LHB Sancho Huerta 0-0: Swinging Strike
0-1: Swinging Strike
0-2: Ball
1-2: Foul Ball, location: 2F
1-2: Ball
2-2: Foul Ball, location: 5F
2-2: Ball
3-2: Foul Ball, location: 2F
3-2: Foul Ball, location: 7LDF
3-2: Foul Ball, location: 23F
3-2: Base on Balls
Batting: RHB Rory Cochran 0-0: Fly out, F5 (Line Drive, 56, EV 66.9 MPH)
Batting: RHB Jim Thompson 0-0: Ball
1-0: Ball
2-0: Swinging Strike
2-1: Fly out, F7 (Flyball, 7D, EV 96.3 MPH)
Batting: RHB Edgardo Rincón 0-0: Fly out, F9 (Flyball, 9, EV 98.1 MPH)
Bottom of the 4th over - 0 runs, 0 hits, 0 errors, 1 left on base; New York (A) 3 - Tampa Bay 2
TOP OF THE 5TH
New York (A) Yankees batting - Pitching for Tampa Bay Rays : RHP Julián Martínez
Batting: LHB Derek Allen 0-0: Foul Ball, location: 2F
0-1: Ball
1-1: Ground out 3-1 (Groundball, 34, EV 100.6 MPH)
Batting: SHB Rodrigo López 0-0: Fly out, F7 (Flyball, 7S, EV 78.8 MPH)
Batting: RHB Gene Russell 0-0: Called Strike
0-1: Foul Ball, location: 9LSF
0-2: Strikes out looking
Top of the 5th over - 0 runs, 0 hits, 0 errors, 0 left on base; New York (A) 3 - Tampa Bay 2
BOTTOM OF THE 5TH
Tampa Bay Rays batting - Pitching for New York (A) Yankees : RHP Kanne de Jonge
Batting: SHB Juan Longoria 0-0: SOLO HOME RUN (Flyball, 9D, EV 92.5 MPH), Distance : 359 ft
Batting: RHB Jorge Luján 0-0: Ball
1-0: Called Strike
1-1: SINGLE (Line Drive, 78M, EV 106.3 MPH)
Batting: SHB António Rodríguez 0-0: Fly out, F6 (Popup, 6M, EV 53.1 MPH)
Batting: RHB Juan Díaz 0-0: Ball
1-0: Fly out, F9 (Flyball, 89XD, EV 100.6 MPH)
Batting: SHB Víctor Zumaya 0-0: Ball
1-0: Called Strike
1-1: Ball
2-1: Ball
Jorge Luján steals 2nd base
3-1: Foul Ball, location: 23FF
3-2: Fly out, F9 (Flyball, 89D, EV 110.6 MPH)
Bottom of the 5th over - 1 run, 2 hits, 0 errors, 1 left on base; New York (A) 3 - Tampa Bay 3
TOP OF THE 6TH
New York (A) Yankees batting - Pitching for Tampa Bay Rays : RHP Julián Martínez
Batting: RHB Benjamim Futscher 0-0: Foul Ball, location: 2F
0-1: Ball
1-1: Ball
2-1: Ball
3-1: Foul Ball, location: 5F
3-2: Foul Ball, location: 7LSF
3-2: Base on Balls
Batting: RHB Juan Colón 0-0: Called Strike
Benjamim Futscher steals 2nd base
0-1: Foul Ball, location: 9LDF
0-2: Ball
1-2: Foul Ball, location: 23FF
1-2: Fly out, F8 (Flyball, 89M, EV 86.9 MPH)
Batting: RHB Walt Gardner 0-0: Intentional Walk
Batting: RHB José Mendoza 0-0: Ball
Wild Pitch!
Benjamim Futscher to third
Walt Gardner to second
1-0: Ball
2-0: Fly out, F7 (Flyball, 7LD, EV 79.4 MPH)
Runner from 3rd tags up, SCORES, no throw by LF
Batting: LHB Johnny Erwin 0-0: Ball
1-0: Ball
2-0: Ground out U3 (Groundball, 3L, EV 84.4 MPH)
Top of the 6th over - 1 run, 0 hits, 0 errors, 1 left on base; New York (A) 4 - Tampa Bay 3
BOTTOM OF THE 6TH
Tampa Bay Rays batting - Pitching for New York (A) Yankees : RHP Kanne de Jonge
Batting: LHB Sancho Huerta 0-0: Ball
1-0: Ball
2-0: Ground out 1-3 (Groundball, 13, EV 71.3 MPH)
Batting: RHB Rory Cochran 0-0: Foul Ball, location: 2F
0-1: Ball
1-1: Called Strike
1-2: Strikes out swinging
Batting: RHB Jim Thompson 0-0: Ball
1-0: Called Strike
1-1: Swinging Strike
1-2: Strikes out swinging
Bottom of the 6th over - 0 runs, 0 hits, 0 errors, 0 left on base; New York (A) 4 - Tampa Bay 3
TOP OF THE 7TH
New York (A) Yankees batting - Pitching for Tampa Bay Rays : RHP Julián Martínez
Batting: RHB Ron Washington 0-0: Called Strike
0-1: Foul Ball, location: 9LMFF
0-2: Ball
1-2: DOUBLE (Line Drive, 89XD, EV 101.9 MPH)
Batting: LHB Derek Allen 0-0: Intentional Walk
Batting: SHB Rodrigo López 0-0: Hit by Pitch
Ron Washington to third
Derek Allen to second
Batting: RHB Gene Russell 0-0: SINGLE (Flyball, 7S, EV 98.1 MPH)
Ron Washington scores
Derek Allen to third
Rodrigo López to second
Batting: RHB Benjamim Futscher 0-0: Ball
1-0: Ball
2-0: Swinging Strike
2-1: Ball
3-1: SINGLE (Line Drive, 56D, EV 106.3 MPH)
Derek Allen scores
Rodrigo López to third
Gene Russell to second
Pitching: RHP Steve Howe
Batting: RHB Juan Colón 0-0: Ball
1-0: Ball
2-0: Ball
3-0: Called Strike
3-1: Swinging Strike
3-2: Fly out, F3 (Popup, 3S, EV 83.1 MPH)
Batting: RHB Walt Gardner 0-0: Grounds into double play, 5-2-3 (Groundball, 56S, EV 79.4 MPH)
Top of the 7th over - 2 runs, 3 hits, 0 errors, 2 left on base; New York (A) 6 - Tampa Bay 3
BOTTOM OF THE 7TH
Tampa Bay Rays batting - Pitching for New York (A) Yankees : RHP Kanne de Jonge
Batting: RHB Edgardo Rincón 0-0: Ball
1-0: Called Strike
1-1: Foul Ball, location: 3F
1-2: Ground out 4-3 (Groundball, 4S, EV 85.6 MPH)
Batting: SHB Juan Longoria 0-0: Called Strike
0-1: Ball
1-1: Ball
2-1: SINGLE (Groundball, 5L, EV 109.4 MPH)
Batting: RHB Jorge Luján 0-0: Ball
Juan Longoria steals 2nd base
1-0: Ball
2-0: Foul Ball, location: 2F
2-1: Ball
3-1: Base on Balls
Pitching: LHP Leon Montalvo
Batting: SHB António Rodríguez 0-0: Called Strike
0-1: Grounds into double play, U4-3 (Groundball, 6M, EV 99.4 MPH)
Bottom of the 7th over - 0 runs, 1 hit, 0 errors, 1 left on base; New York (A) 6 - Tampa Bay 3
TOP OF THE 8TH
New York (A) Yankees batting - Pitching for Tampa Bay Rays : RHP Steve Howe
Pitching: RHP Anastasio Soto
Batting: RHB José Mendoza 0-0: Ball
1-0: Ball
2-0: Called Strike
2-1: Called Strike
2-2: Ball
3-2: Base on Balls
Batting: LHB Johnny Erwin 0-0: Called Strike
0-1: Ball
1-1: SINGLE (Line Drive, 4M, EV 97.5 MPH)
José Mendoza to second
Batting: RHB Ron Washington 0-0: Ball
1-0: Grounds into DOUBLE play, U5-4-3 (Groundball, 5L, EV 108.8 MPH)
Batting: LHB Derek Allen 0-0: Ball
1-0: Ball
Ron Washington steals 2nd base
2-0: Called Strike
2-1: SINGLE (Line Drive, 4D, EV 110.6 MPH)
Ron Washington to third
Runner from 3rd tries for Home, SAFE, throw by CF to home
Batting: SHB Rodrigo López 0-0: Called Strike
0-1: Ball
1-1: Ball
2-1: Ball
3-1: Swinging Strike
3-2: Strikes out swinging
Top of the 8th over - 1 run, 2 hits, 0 errors, 1 left on base; New York (A) 7 - Tampa Bay 3
BOTTOM OF THE 8TH
Tampa Bay Rays batting - Pitching for New York (A) Yankees : LHP Leon Montalvo
Batting: RHB Juan Díaz 0-0: Ball
1-0: Fly out, F4 (Popup, 13S, EV 83.8 MPH)
Batting: SHB Víctor Zumaya 0-0: Ground out 4-3 (Groundball, 34D, EV 98.1 MPH)
Batting: LHB Sancho Huerta 0-0: Called Strike
0-1: Ball
1-1: Swinging Strike
1-2: Fly out, F8 (Flyball, 8LD, EV 93.8 MPH)
Bottom of the 8th over - 0 runs, 0 hits, 0 errors, 0 left on base; New York (A) 7 - Tampa Bay 3
TOP OF THE 9TH
New York (A) Yankees batting - Pitching for Tampa Bay Rays : RHP Anastasio Soto
Batting: RHB Gene Russell 0-0: Called Strike
0-1: Called Strike
0-2: DOUBLE (Flyball, 8LXD, EV 110.6 MPH)
Batting: RHB Benjamim Futscher 0-0: Ball
1-0: Called Strike
1-1: Foul Ball, location: 2F
1-2: Ball
2-2: Ball
3-2: Foul Ball, location: 9LSF
3-2: Base on Balls
Batting: RHB Juan Colón 0-0: Ball
1-0: Foul Ball, location: 5F
1-1: Ball
2-1: Called Strike
2-2: SINGLE (Groundball, 4MD, EV 94.4 MPH)
Gene Russell to third
Benjamim Futscher to second
Batting: RHB Walt Gardner 0-0: Grounds into double play, 6-4-3 (Groundball, 6, EV 94.4 MPH)
Gene Russell scores
Benjamim Futscher to third
Pitching: RHP José Cervantes
Batting: RHB José Mendoza 0-0: Called Strike
0-1: Foul Ball, location: 23F
0-2: Ground out 5-3 (Groundball, 56, EV 86.9 MPH)
Top of the 9th over - 1 run, 2 hits, 0 errors, 1 left on base; New York (A) 8 - Tampa Bay 3
BOTTOM OF THE 9TH
Tampa Bay Rays batting - Pitching for New York (A) Yankees : LHP Leon Montalvo
Batting: RHB Rory Cochran 0-0: Swinging Strike
0-1: Ground out 6-3 (Groundball, 6, EV 87.5 MPH)
Batting: RHB Jim Thompson 0-0: Ground out 5-3 (Groundball, 56S, EV 83.1 MPH)
Batting: RHB Edgardo Rincón 0-0: Swinging Strike
0-1: Foul Ball, location: 2F
0-2: Fly out, F3 (Popup, 3S, EV 73.8 MPH)
Bottom of the 9th over - 0 runs, 0 hits, 0 errors, 0 left on base; New York (A) 8 - Tampa Bay 3
Sunday, March 24th , 2024 - OOTP Baseball 24.10 Build 82